 Dungeon Crawl Stone Soup version 0.30-a0-728-gc68057be0a (webtiles) character file.

Game seed: 10946610382409002424

2142 mandoloar the Basher (level 9, -12/62 HPs)
             Began as a Gargoyle Fighter on Jan 30, 2023.
             Was an Initiate of Okawaru.
             Mangled by a shadow (19 damage)
             ... on level 10 of the Dungeon.
             The game lasted 00:17:56 (8526 turns).

mandoloar the Basher (Gargoyle Fighter)             Turns: 8526, Time: 00:17:57

Health: -12/62     AC: 20    Str: 25    XL:     9   Next: 30%
Magic:  9/9        EV:  8    Int:  8    God:    Okawaru [......]
Gold:   308        SH: 10    Dex: 15    Spells: 8/8 levels left

rFire   . . .      SeeInvis .    a - +2 morningstar (drain)
rCold   . . .      Faith    .    u - +1 kite shield
rNeg    + . .      Spirit   .    D - +0 scale mail
rPois   ∞          Reflect  .    r - +0 helmet
rElec   +          Harm     .    C - +0 cloak
rCorr   .          Rampage  .    i - +0 pair of gloves
Will    .....                    (no boots) Stlth
                                 (no amulet)
HPRegen 0.30/turn                f - +6 ring of dexterity
MPRegen 0.11/turn                d - +4 ring of protection

@: studying Maces & Flails
A: sickness immunity, AC +6, negative energy resistance 1, electricity
resistance, torment resistance 1, petrification resistance
a: Renounce Religion


You were on level 10 of the Dungeon.
You worshipped Okawaru.
Okawaru was noncommittal.
You visited 1 branch of the dungeon, and saw 8 of its levels.

You collected 308 gold pieces.

Inventory:

Hand Weapons
 a - a +2 morningstar of draining (weapon)
 b - a +2 heavy hammer
Missiles
 k - 25 stones (quivered)
 q - 2 boomerangs
 y - a throwing net
Armour
 i - a +0 pair of gloves (worn)
 r - a +0 helmet (worn)
 u - a +1 kite shield (worn)
 C - a +0 cloak (worn)
 D - a +0 scale mail (worn)
Jewellery
 d - a +4 ring of protection (right hand)
 f - a +6 ring of dexterity (left hand)
 h - a +4 ring of protection
 s - an amulet of reflection
Wands
 v - a wand of iceblast (1)
 B - a wand of flame (10)
Scrolls
 o - a scroll of identify
 p - 2 scrolls of fog
 t - 2 scrolls of poison
Potions
 c - 2 potions of resistance
 e - 3 potions of flight
 g - a potion of lignification
 j - 3 potions of brilliance
 l - 3 potions of ambrosia
 m - a potion of heal wounds
 n - a potion of haste
 w - 2 potions of attraction
 x - a potion of mutation {unknown}
 z - a potion of cancellation {unknown}
 A - 2 potions of curing {unknown}


   Skills:
 + Level 9.9 Fighting
 + Level 10.1 Maces & Flails
 - Level 3.2 Armour
 - Level 3.2 Shields


You had 8 spell levels left.
You didn't know any spells.
Your spell library contained the following spells:

 Spells                   Type           Power      Damage    Failure   Level
 Frozen Ramparts          Ice            0%         1d1       100%        3
 Ozocubu's Armour         Ice            0%         N/A       100%        3
 Ice Form                 Ice/Tmut       0%         N/A       100%        4
 Metabolic Englaciation   Hex/Ice        0%         N/A       100%        5
 Summon Ice Beast         Ice/Summ       Unusable   N/A       N/A         4
 Simulacrum               Ice/Necr       Unusable   N/A       N/A         6

Dungeon Overview and Level Annotations

Branches:
Dungeon (7/15)                Orc (0/2) D:10
 Temple: D:4-7

Altars:
Cheibriados
Fedhas
Hepliaklqana
Okawaru


Innate Abilities, Weirdness & Mutations

You are immune to sickness and miasma.
Your stone body is resilient. (AC +6)
You are immune to poison.
You resist negative energy. (rN+)
You are resistant to electric shocks. (rElec)
You are resistant to unholy torment.
You are immune to petrification.


Message History

The iceblast engulfs the shadow.
The shadow partially resists.
The shadow is lightly damaged.
You hear an angry hiss.
The shadow slips into darkness.
The shadow flickers and vanishes!
Deactivating autopickup; reactivate with Ctrl-A.
You block the red ugly thing's attack. You block the troll zombie's attack.
The troll zombie claws you but does no damage.
You block the troll zombie's attack.
A hobgoblin zombie comes into view.
An orc zombie comes into view.
The shadow slips into darkness.
The shadow flickers and vanishes!
A centaur comes into view.
Aiming: Iceblast
Press: ? - help, Shift-Dir - straight line, f - orc zombie, p - orc zombie
Aim: an orc zombie That beam is likely to hit you.
Continue anyway?
The mass of ice explodes!
The iceblast engulfs the orc zombie!
The orc zombie partially resists.
You destroy the orc zombie!
The iceblast engulfs the orc zombie!
The orc zombie partially resists.
You destroy the orc zombie!
Okawaru accepts your kill.
The iceblast engulfs the troll zombie!
The troll zombie partially resists.
The troll zombie is moderately damaged.
The iceblast engulfs the troll zombie!
The troll zombie partially resists.
The troll zombie is moderately damaged.
The iceblast engulfs the orc zombie.
The orc zombie partially resists.
The orc zombie is moderately damaged.
The iceblast engulfs something!
The iceblast engulfs you!
* * * LOW HITPOINT WARNING * * *
An orc zombie comes into view.
The shadow strikes at you from the darkness!
Reactivating autopickup.
The red ugly thing barely misses you.
An orc zombie comes into view.
The troll zombie closely misses you. You block the troll zombie's attack.
The troll zombie claws you but does no damage.
The shadow strikes at you from the darkness!
You die...

..# #...~~~~~~
...# #...~~~~~~
.8... #......~~~
Z.... #......~~~
.Z.$..#......S~#
......#§.....###
.....Z§Z.....#
Zc...ZZZu.####
Z>.ZZ8{@###
...ZZZW##
....§oZ ...§.§#
.....Z !.....
.8.... ...#


You could see a red ugly thing, a shadow, a centaur, an electric eel, an orc
priest, 2 hobgoblin zombies, 5 orc zombies, 2 ogre zombies, 3 troll zombies, 2
goblin skeletons and a hobgoblin skeleton.

Vanquished Creatures
  Maggie (D:6)
  Grinder (D:5)
  Prince Ribbit (D:6)
  4 water moccasins
  A sky beast (D:7)
  An ice beast (D:6)
  A black bear (D:5)
  An orc warrior (D:3)
  3 scorpions
  A necrophage (D:6)
  4 hounds
  A jelly (D:6)
  Crazy Yiuf (D:5)
  An iguana (D:6)
  Natasha (thrice) (D:2)
  An ogre zombie (D:10)
  6 adders
  An ufetubus (D:4)
  A worm (D:4)
  2 dart slugs
  12 orcs
  5 ball pythons
  3 bats
  9 endoplasms
  2 giant cockroaches
  7 goblins
  9 hobgoblins
  4 jackals
  7 quokkas
  2 frilled lizards
  A hobgoblin zombie (D:10)
  8 kobolds
  2 orc skeletons (D:10)
  5 orc zombies (D:10)
  4 rats
116 creatures vanquished.

Vanquished Creatures (others)
  A fungus (D:5)
1 creature vanquished.

Grand Total: 117 creatures vanquished

Notes
Turn   | Place    | Note
-------+----------+-------------------------------------------
     0 | D:1      | mandoloar the Gargoyle Fighter began the quest for the Orb.
     0 | D:1      | Reached XP level 1. HP: 14/14 MP: 1/1
   245 | D:1      | Reached XP level 2. HP: 19/19 MP: 2/2
   782 | D:1      | Reached XP level 3. HP: 22/24 MP: 3/3
  1122 | D:2      | Noticed Natasha
  1136 | D:2      | Killed Natasha
  1137 | D:2      | Reached skill level 3 in Maces & Flails
  1137 | D:2      | Reached XP level 4. HP: 25/30 MP: 4/4
  1866 | D:2      | Noticed Natasha
  1874 | D:2      | Killed Natasha
  2041 | D:2      | Noticed Natasha
  2047 | D:2      | Killed Natasha
  2048 | D:2      | Reached skill level 5 in Fighting
  2048 | D:2      | Reached XP level 5. HP: 23/35 MP: 5/5
  2841 | D:3      | Reached skill level 4 in Maces & Flails
  3619 | D:4      | Noticed an orc warrior
  3651 | D:3      | Killed an orc warrior
  3652 | D:3      | Reached XP level 6. HP: 23/41 MP: 6/6
  4027 | D:4      | Found a snail-covered altar of Cheibriados.
  4039 | D:4      | Reached skill level 5 in Maces & Flails
  4646 | D:5      | Entered Level 5 of the Dungeon
  4781 | D:5      | Reached XP level 7. HP: 47/47 MP: 7/7
  5343 | D:5      | Noticed Grinder
  5345 | D:5      | Paralysed by Grinder for 2 turns
  5352 | D:5      | Killed Grinder
  5353 | D:5      | Reached skill level 6 in Maces & Flails
  5438 | D:5      | Found a hazy altar of Hepliaklqana.
  5482 | D:5      | Reached XP level 8. HP: 54/54 MP: 8/8
  6321 | D:5      | Found a runed translucent door.
  6322 | D:5      | Noticed Crazy Yiuf
  6331 | D:5      | Killed Crazy Yiuf
  6332 | D:5      | Reached skill level 7 in Maces & Flails
  6800 | D:6      | Identified the +1 sling "Heolid" {flame, Str+3 Dex+3}
  7325 | D:6      | Noticed Maggie
  7352 | D:6      | Killed Maggie
  7353 | D:6      | Reached skill level 8 in Maces & Flails
  7707 | D:6      | Reached skill level 9 in Maces & Flails
  7707 | D:6      | Reached XP level 9. HP: 60/60 MP: 9/9
  7716 | D:7      | Found an iron altar of Okawaru.
  7721 | D:7      | Noticed Prince Ribbit
  7748 | D:6      | Killed Prince Ribbit
  7957 | D:7      | Became a worshipper of Warmaster Okawaru
  7968 | D:6      | Found a blossoming altar of Fedhas.
  8343 | D:7      | Identified the +4 rapier of Jieqo {drain, Contam rPois
                  | Str+4 Dex+3}
  8356 | D:7      | Reached skill level 10 in Maces & Flails
  8504 | D:7      | You fall into a shaft and drop 3 floors!
  8504 | D:10     | Entered Level 10 of the Dungeon
  8505 | D:10     | Noticed a red ugly thing
  8509 | D:10     | Found a staircase to the Orcish Mines.
  8526 | D:10     | Mangled by a shadow

Illustrated notes

Levels and vault maps discovered:
D:1:      lemuel_arrival_muddy, layout_loops_ring
D:2:      layout_loops_ring, minmay_crystal_water, uniq_natasha
D:3:      minmay_diamond_boxcup, layout_basic
D:4:      layout_basic, cheibriados_altar_1
D:5:      layout_gridville, mainiacjoe_overflow_boulevard,
          chequers_serial_rivers_micro_c, uniq_crazy_yiuf_cottage, uniq_grinder
D:6:      layout_basic, nicolae_overflow_crystal_walls, grunt_decor_cap,
          amcnicky_mini_rare_corridor_liquid, uniq_maggie
D:7:      layout_layer_cave, okawaru_ov_weapons_minmay,
          minmay_temple_entry_overgrown, uniq_prince_ribbit1
D:10:     layout_basic, zombieorc2_lemuel, minmay_misc_feat_nine_boxes,
          abandoned_shop

Skill      XL: |  1  2  3  4  5  6  7  8  9 |
---------------+----------------------------+-----
Fighting       | 4 5 6 7 9 |  9.9
Maces & Flails | 3 4 5 6 9 10 | 10.1
Armour         | |  3.2
Shields        | |  3.2

Action                     |  1- 3 |  4- 6 |  7- 9 || total
---------------------------+-------+-------+-------++-------
  Melee: Flail             |   100 |   174 |    53 ||   327
         Mace              |       |       |    27 ||    27
         Morningstar       |       |       |    30 ||    30
  Throw: Stone             |     1 |     7 |     7 ||    15
  Evoke: Wand              |       |     1 |     3 ||     4
    Use: Scroll            |     4 |    11 |     8 ||    23
         Potion            |       |     2 |     1 ||     3
   Stab: Paralysed         |       |     2 |       ||     2
 Armour: Scale mail        |    42 |    89 |    80 ||   211
         Skin              |       |     5 |       ||     5
  Dodge: Dodged            |    46 |    69 |    49 ||   164
  Block: Buckler           |    19 |    11 |       ||    30
         Kite shield       |       |    72 |    69 ||   141

Table legend: (Time is in decaauts)
 A = Elapsed time spent in this place.
 B = Non-inter-level travel time spent in this place.
 C = Inter-level travel time spent in this place.
 D = Time resting spent in this place.
 E = Time spent auto-exploring this place.
 F = Levels seen in this place.
 G = Mean time per level.
                   A        B        C        D        E       F      G
               +--------+--------+--------+--------+--------+-----+--------+
         Total |   8660 |   8181 |    479 |   3117 |   3665 |   8 | 1082.5 |
       Dungeon |   8660 |   8181 |    479 |   3117 |   3665 |   8 | 1082.5 |
               +--------+--------+--------+--------+--------+-----+--------+

Top non-repeatable levels by time:
     D:5: 1883 daAuts
     D:3: 1718 daAuts
     D:6: 1594 daAuts
     D:2: 1411 daAuts
     D:1: 948 daAuts
     D:4: 746 daAuts
     D:7: 334 daAuts
    D:10: 22 daAuts
